 Dungeon Crawl Stone Soup version 0.26-a0-639-g72c4674329 (webtiles) character file.

Game seed: 10844306632046101301

261 Flugslaktarn the Skirmisher (level 6, -8/51 HPs)
             Began as a Formicid Fighter on Sept 21, 2020.
             Killed by divine providence
             ... invoked by an orc priest
              (13 damage)
             ... on level 3 of the Dungeon.
             The game lasted 00:01:13 (1721 turns).

Flugslaktarn the Skirmisher (Formicid Fighter)      Turns: 1721, Time: 00:01:14

Health: -8/51      AC:  7    Str: 23    XL:     6   Next: 41%
Magic:  6/6        EV:  8    Int:  7    God:
Gold:   94         SH: 10    Dex: 10    Spells: 5/5 levels left

rFire    . . .     SeeInvis +   a - +0 war axe
rCold    . . .     Faith    .   c - +0 kite shield
rNeg     . . .     Spirit   .   b - +0 scale mail
rPois    .         Reflect  .   (helmet unavailable)
rElec    .         Harm     .   (no cloak)
rCorr    .         Rampage  .   (no gloves)
MR       .....                  (no boots)
Stlth    ..........             (no amulet)
HPRegen  0.17/turn              (no ring)
MPRegen  0.10/turn              (no ring)

@: mighty
A: permanent stasis, dig shafts and tunnels, four strong arms, antennae 3
a: Dig, Shaft Self


You were on level 3 of the Dungeon.
You visited 1 branch of the dungeon, and saw 3 of its levels.

You collected 94 gold pieces.

Inventory:

Hand Weapons
 a - a +0 war axe (weapon)
Armour
 b - a +0 scale mail (worn)
 c - a +0 kite shield (worn)
Jewellery
 j - an uncursed ring of protection from cold {unknown}
   (You found it on level 2 of the Dungeon)
Scrolls
 e - a scroll of fog {unknown}
 f - 4 scrolls of identify {unknown}
 g - a scroll of enchant armour {unknown}
 h - a scroll of remove curse {unknown}
 k - 2 scrolls of teleportation {unknown}
 l - a scroll of noise {unknown}
 n - 2 scrolls of blinking {unknown}
Potions
 d - 2 potions of might
 i - a potion of invisibility {unknown}
 m - a potion of lignification {unknown}
 o - a potion of degeneration {unknown}


   Skills:
 * Level 5.0 Fighting
 * Level 3.9 Axes
 + Level 4.2 Armour
 + Level 4.7 Shields


You had 5 spell levels left.
You didn't know any spells.
Your spell library was empty.

Dungeon Overview and Level Annotations

Branches:
Dungeon (3/15)

Altars:
Hepliaklqana

Annotations:
D:2 2 transporters


Innate Abilities, Weirdness & Mutations

You cannot be hasted, slowed, berserked, paralysed or teleported.
You can dig through walls and to a lower floor.
Your four strong arms can wield two-handed weapons with a shield.
You have a pair of large antennae on your head. (SInv)


Message History

You closely miss the jackal. The jackal barely misses you.
You block the jackal's attack.
You feel very mighty all of a sudden. The jackal completely misses you.
The orc priest looks satisfied for a moment.
You slash the jackal!
You kill the jackal!
The orc priest mumbles some strange prayers to Beogh against you.
Beogh smites you!
* * * LOW HITPOINT WARNING * * *
You are too injured to fight recklessly!
You barely miss the orc priest. You block the orc priest's attack.
You are too injured to fight recklessly!
You barely miss the orc priest. You block the orc priest's attack.
You are too injured to fight recklessly!
Your shield and scale mail prevent you from hitting the orc priest.
The orc priest barely misses you.
The orc priest calls down the wrath of Beogh upon you.
Beogh smites you!
You die...

##........##
#......#..>.
#..###.#..## #####
#..# #.#..# ...#
##..###.#..#
#.###.....รท.#..#
#...........<..#
#.###.###...##.##.##
#..o@..##..(##.##<#
#....##.###...##.##.#
#.... ### #...##. #.#
.... ....... .#. #>.
#.####. # # ## { .#


You could see an orc priest.

Vanquished Creatures
  Jessica (D:2)
  Natasha (thrice) (D:2)
  Robin (D:2)
  4 adders (D:2)
  2 oozes (D:1)
  3 worms (D:2)
  A dart slug (D:1)
  6 leopard geckos
  9 orcs (D:3)
  4 giant cockroaches
  10 goblins
  10 hobgoblins
  2 jackals (D:3)
  7 kobolds
  A quokka (D:2)
  7 bats
  3 frilled lizards (D:2)
  7 rats
81 creatures vanquished.

Notes
Turn   | Place    | Note
-------+----------+-------------------------------------------
     0 | D:1      | Flugslaktarn the Formicid Fighter began the quest for the
                  | Orb.
     0 | D:1      | Reached XP level 1. HP: 18/18 MP: 1/1
    97 | D:1      | Reached XP level 2. HP: 24/24 MP: 2/2
   180 | D:1      | You fall into a shaft and drop 1 floor!
   180 | D:2      | Noticed Natasha
   186 | D:2      | Killed Natasha
   186 | D:2      | Reached XP level 3. HP: 25/30 MP: 3/3
   196 | D:2      | Reached skill level 4 in Fighting
   196 | D:2      | Reached XP level 4. HP: 26/37 MP: 4/4
   305 | D:2      | Noticed Natasha
   318 | D:2      | Killed Natasha
   664 | D:2      | Reached XP level 5. HP: 39/42 MP: 5/5
   693 | D:2      | Noticed Natasha
   699 | D:2      | Killed Natasha
   734 | D:2      | Noticed Robin
   756 | D:2      | Killed Robin
   885 | D:2      | Found a transporter.
   895 | D:2      | Found a transporter.
   906 | D:2      | Found a hazy altar of Hepliaklqana.
  1286 | D:1      | Reached XP level 6. HP: 49/49 MP: 6/6
  1485 | D:2      | Noticed Jessica
  1490 | D:2      | Killed Jessica
  1689 | D:3      | Reached skill level 5 in Fighting
  1721 | D:3      | Killed from afar by an orc priest

Illustrated notes

Levels and vault maps discovered:
D:1:      onia_arrival_mini_maze, layout_loops_cross, minmay_misc_feat_tower,
          minmay_cupped
D:2:      layout_basic, gammafunk_temple_overflow_arena,
          kennysheep_jessica_study, uniq_natasha, uniq_robin
D:3:      layout_loops_ring, kb_xom_exploding_sheep, lightli_sewer_entry_pipes

Skill      XL: |  1  2  3  4  5  6 |
---------------+-------------------+-----
Fighting       | 4 5 |  5.0
Shields        | 4 |  4.7
Axes           | 3 |  3.9
Armour         | 4 |  4.2

Action                   |  1- 3 |  4- 6 || total
-------------------------+-------+-------++-------
Melee: War axe           |    50 |   191 ||   241
  Use: Potion            |       |     2 ||     2
Armor: Scale mail        |    24 |    95 ||   119
Dodge: Dodged            |    28 |    89 ||   117
Block: Kite shield       |    36 |   135 ||   171

Table legend: (Time is in decaauts)
 A = Elapsed time spent in this place.
 B = Non-inter-level travel time spent in this place.
 C = Inter-level travel time spent in this place.
 D = Time resting spent in this place.
 E = Time spent auto-exploring this place.
 F = Levels seen in this place.
 G = Mean time per level.
                   A        B        C        D        E       F      G
               +--------+--------+--------+--------+--------+-----+--------+
         Total |   1817 |   1645 |    172 |    321 |    781 |   3 |  605.7 |
       Dungeon |   1817 |   1645 |    172 |    321 |    781 |   3 |  605.7 |
               +--------+--------+--------+--------+--------+-----+--------+

Top non-repeatable levels by time:
     D:2: 1030 daAuts
     D:1: 615 daAuts
     D:3: 171 daAuts
